 Dungeon Crawl Stone Soup version 0.23-b1-67-g8bd44de8e4 (webtiles) character file.

Game seed: 12679606280734814853

67 Revguard the Ducker (level 4, 0/45 HPs)
             Began as an Ogre Gladiator on Feb 6, 2019.
             Was an Initiate of Cheibriados.
             Slain by Grinder (4 damage)
             ... on level 3 of the Dungeon.
             The game lasted 00:07:03 (1661 turns).

Revguard the Ducker (Ogre Gladiator)                Turns: 1661, Time: 00:07:05

Health: 0/45       AC:  3    Str: 20    XL:     4   Next: 16%
Magic:  4/4        EV: 11    Int: 10    God:    Cheibriados [......]
Gold:   78         SH:  0    Dex: 11    Spells: 3/3 levels left

rFire    . . .     SeeInvis .   a - +0 flail
rCold    . . .     Gourm    .   (no shield)
rNeg     . . .     Faith    .   b - +0 robe
rPois    .         Spirit   .   c - +0 hat
rElec    .         Reflect  .   (no cloak)
rCorr    .         Harm     .   (gloves unavailable)
MR       .....                  (boots unavailable)
Stlth    +.........             (no amulet)
HPRegen  0.15/turn              (no ring)
MPRegen  0.09/turn              (no ring)

@: very slow
A: large, unfitting armour, tough skin 1
a: Bend Time, Renounce Religion


You were on level 3 of the Dungeon.
You worshipped Cheibriados.
Cheibriados was noncommittal.
You were hungry.

You visited 1 branch of the dungeon, and saw 4 of its levels.

You collected 78 gold pieces.

Inventory:

Hand Weapons
 a - a +0 flail (weapon)
Missiles
 d - 3 throwing nets (quivered)
Armour
 b - a +0 robe (worn)
 c - a +0 hat (worn)
Scrolls
 g - a scroll of teleportation {unknown}
 i - 3 scrolls of identify {unknown}
 k - a scroll of remove curse {unknown}
 l - a scroll of enchant armour {unknown}
 m - a scroll of fear {unknown}
Potions
 e - 4 potions of heal wounds
 h - 2 potions of curing {unknown}
 j - a potion of agility {unknown}
 n - 2 potions of cancellation {unknown}
Comestibles
 f - 4 rations


   Skills:
 + Level 3.4 Fighting
 + Level 3.5 Maces & Flails
 - Level 2.0 Throwing
 + Level 3.5 Dodging


You had 3 spell levels left.
You didn't know any spells.
Your spell library was empty.

Dungeon Overview and Level Annotations

Branches:
Dungeon (4/15)
 Temple: D:4-7

Altars:
Cheibriados

Annotations:
D:3 Grinder


Innate Abilities, Weirdness & Mutations

You are too large for most types of armour.
You have tough skin. (AC +1)


Message History

* * * LOW HITPOINT WARNING * * *
You writhe in agony.
* * * LOW HITPOINT WARNING * * *
It was a potion of heal wounds.
You feel much better.
Grinder blinks!
Grinder gestures at you. Pain shoots through your body!
Grinder gestures at you. You resist with significant effort.
Grinder barely misses you.
You barely miss Grinder.
Grinder is heavily wounded.
Grinder hits you!
You writhe in agony.
You hit Grinder but do no damage.
Grinder is heavily wounded.
Grinder hits you.
You writhe in agony.
* * * LOW HITPOINT WARNING * * *
Grinder hits you!
* * * LOW HITPOINT WARNING * * *
You writhe in agony.
You die...

..#...###.#.........#
>..............<....+
..#...###.##........#
'##...# #†##........# .#
#.##........#
.########.##........####
...........)....?.......
..#######.##.##.....##
.)# #+##.)..@5.(+ ..#
.....##.....# .†#
.....+......$... ..#
.....########### .[#
.....# ..# .....# ..#
..# ..#


You could see Grinder.

Vanquished Creatures
  An adder (D:3)
  2 dart slugs
  2 leopard geckos
  3 orcs (D:3)
  A ball python (D:1)
  2 giant cockroaches
  3 goblins
  5 hobgoblins
  3 jackals (D:1)
  8 kobolds
  7 bats
  2 frilled lizards
  6 rats
45 creatures vanquished.

Notes
Turn   | Place    | Note
-------+----------+-------------------------------------------
     0 | D:1      | Revguard the Ogre Gladiator began the quest for the Orb.
     0 | D:1      | Reached XP level 1. HP: 22/22 MP: 1/1
   305 | D:1      | Reached XP level 2. HP: 23/29 MP: 2/2
   655 | D:1      | Reached XP level 3. HP: 28/37 MP: 3/3
  1132 | D:2      | Found a snail-covered altar of Cheibriados.
  1227 | D:2      | Became a worshipper of Cheibriados the Contemplative
  1315 | D:2      | You fall through a shaft for 2 floors!
  1532 | D:3      | Reached XP level 4. HP: 34/45 MP: 4/4
  1625 | D:3      | Noticed Grinder
  1661 | D:3      | Slain by Grinder

Skill      XL: |  1  2 |
---------------+-------+-----
Maces & Flails | 3 |  3.5
Dodging        | 3 |  3.5
Fighting       | 3 |  3.4
Throwing       | |  2.0

Action                   |  1- 3 |  4- 6 || total
-------------------------+-------+-------++-------
Melee: Flail             |   125 |    29 ||   154
  Use: Potion            |       |     1 ||     1
  Eat: Chunk             |     2 |       ||     2
Armor: Robe              |    61 |     3 ||    64
Dodge: Dodged            |   129 |    11 ||   140
